 Seeded DCSS version 0.30.1-9-gdf580d7c3d (webtiles) character file.

Game seed: 9106806156630997546 (custom seed)

95 Psyclone the Conjurer (level 4, 17/24 HPs)
             Began as a Deep Elf Conjurer on Oct 9, 2023.
             Was an Initiate of Gozag.
             Quit the game on level 5 of the Dungeon.
             The game lasted 00:01:31 (575 turns).

Psyclone the Conjurer (Deep Elf Conjurer)            Turns: 575, Time: 00:01:32

Health: 17/24      AC:  2    Str:  4    XL:     4   Next: 40%
Magic:  10/10      EV: 12    Int: 25    God:    Gozag
Gold:   11         SH:  0    Dex: 13    Spells: 6/9 levels left

rFire   . . .        (no weapon)
rCold   . . .        (no shield)
rNeg    . . .        a - +0 robe
rPois   .            (no helmet)
rElec   .            (no cloak)
rCorr   .            (no gloves)
SInv    .            (no boots)
Will    .....        (no amulet)
Stlth   ++           (no ring)
HPRegen 0.24/turn    (no ring)
MPRegen 0.12/turn

%: no passive effects
@: no status effects
A: no striking features
a: Renounce Religion, Potion Petition, Call Merchant, Bribe Branch


You were on level 5 of the Dungeon.
You worshipped Gozag.
Gozag was noncommittal.
You visited 2 branches of the dungeon, and saw 6 of its levels.

You collected 98 gold pieces.
You paid 87 gold pieces to Gozag.

Inventory:

Armour
 a - a +0 robe (worn)
Potions
 b - a potion of magic
 c - a potion of haste {unknown}


   Skills:
 - Level 2.4 Dodging
 - Level 2.4 Stealth
 - Level 3.0 Spellcasting
 + Level 6.5 Conjurations


You had 6 spell levels left.
You knew the following spells:

 Your Spells              Type           Power      Damage    Failure   Level
a - Magic Dart            Conj           100%       1d8       1%          1
b - Searing Ray           Conj           72%        2d7       1%          2

Your spell library contained the following spells:

 Spells                   Type           Power      Damage    Failure   Level
 Dazzling Flash           Conj/Hex       40%        N/A       8%          3
 Fulminant Prism          Conj/Hex       10%        3d9       26%         4
 Iskenderun's Mystic Bla  Conj/Tloc      20%        2d6       26%         4


Dungeon Overview and Level Annotations

Branches:
Dungeon (5/15) Zot: 26756  Temple (1/1) D:5 Zot: 5978

Altars:
Dithmenos
Gozag
Hepliaklqana
Okawaru
Qazlal
Ru
Sif Muna
Trog
Uskayaw
Xom
Yredelemnul

Annotations:
D:3 Natasha


Message History

You climb downwards.
Welcome to the Ecumenical Temple!
Found four altars.
There is a staircase back to the Dungeon here.
Found an opulent altar of Gozag.
Found a shadowy altar of Dithmenos.
You enter the shallow water.
Moving in this stuff is going to be slow.
Found an iron altar of Okawaru.
Found a hide-covered altar of Uskayaw and a sacrificial altar of Ru.
Found a hazy altar of Hepliaklqana.
There is an opulent altar of Gozag here.
You kneel at the altar of Gozag.
Gozag welcomes you!
You pay a service fee of 87 gold.
You enter the shallow water.
Moving in this stuff is going to be slow.
There is a staircase back to the Dungeon here.
You climb upwards.
Welcome back to the Dungeon!
You hear the sound of rushing water.
There is an entrance to a sewer on this level.
Hurry and find it before the portal rusts away!
There is a staircase to the Ecumenical Temple here.
MP restored: 10 A yak comes into view.
You hear the rusting of a very distant drain.
Found an inky potion.
You hear the brisk rusting of a very distant drain.
An orc wizard comes into view. It is wielding a +0 dagger.
The orc wizard shouts!
You hear a shout!
An orc comes into view. It is wielding a +0 whip.
The orc shouts!
The orc moves out of view.
An orc comes into view. It is wielding a +0 flail.
The orc wizard hits you with a +0 dagger.
You take 3 damage, and have 21/24 hp.
The orc wizard hits you with a +0 dagger.
You take 1 damage, and have 20/24 hp.
The orc hits you with a +0 whip.
You take 3 damage, and have 17/24 hp.
Unknown command.
Unknown command.
Are you sure you want to abandon this character and quit the game? (Confirm with "yes".)

#..# #.... ####..###...###
....?...>....#.#
........#.#.#.#
######..........#.#
#...............#.#
###...##..........#.#
..............o.@o#.#
...#...#........o.#.#####
#.⌠.#................#
.###...###........#.###.#
...........#..#.#.#.###.#####
..⌠..>..[.......<...Y.......#
...........##...........##.##
.###...###.##.#.....<..###.#
. #.⌠.#......#.....##.# #.#


You could see a yak (wandering), an orc wizard and 2 orcs.

Vanquished Creatures
  A scorpion (D:5)
  2 adders (D:5)
  2 dart slugs
  2 orcs (D:5)
  A bat (D:1)
  An endoplasm (D:4)
  A hobgoblin (D:4)
  3 jackals
  A kobold (D:4)
14 creatures vanquished.

Notes
Turn   | Place    | Note
-------+----------+-------------------------------------------
     0 | D:1      | Psyclone the Deep Elf Conjurer began the quest for the Orb.
     0 | D:1      | Reached XP level 1. HP: 10/10 MP: 6/6
    28 | D:2      | Found a stormy altar of Qazlal.
   142 | D:2      | Reached XP level 2. HP: 15/15 MP: 5/8
   205 | D:2      | Learned a level 2 spell: Searing Ray
   206 | D:3      | Noticed Natasha
   229 | D:4      | Reached skill level 5 in Conjurations
   311 | D:5      | Entered Level 5 of the Dungeon
   336 | D:5      | Noticed a scorpion
   347 | D:5      | Killed a scorpion
   348 | D:5      | Reached skill level 6 in Conjurations
   348 | D:5      | Reached XP level 3. HP: 17/19 MP: 2/9
   348 | D:5      | Reached XP level 4. HP: 21/24 MP: 2/10
   459 | D:5      | Found a staircase to the Ecumenical Temple.
   472 | D:5      | Noticed a yak
   474 | Temple   | Entered the Ecumenical Temple
   484 | Temple   | Became a worshipper of Gozag Ym Sagoz the Greedy
   495 | D:5      | Noticed a yak
   495 | D:5      | Noticed a yak
   505 | D:5      | Noticed a yak
   575 | D:5      | Quit the game

Illustrated notes

Levels and vault maps discovered:
D:1:      onia_arrival_mini_spirals, layout_loops_ring, serial_shops, shop
D:2:      layout_rooms, basic_altar, reono_crystal_passage, minmay_tetromino_l2,
          uniq_robin, uniq_jessica, uniq_crazy_yiuf_cottage
D:3:      layout_loops_ring, uniq_sigmund, uniq_natasha
D:4:      layout_rooms, ebering_ghost_sewer_d, nicolae_take_the_stairs,
          grunt_ministairs_6, ebering_dispersal_statue_hall,
          minmay_ogre_servants
D:5:      nicolae_cairo_tiling_large, layout_basic, slow_altar_2,
          minmay_temple_entry_junction_2, portal_sewer_entry_b
Temple:   nicolae_temple_bog_church

Skill      XL: |  1  2 |
---------------+-------+-----
Conjurations   | 6 |  6.5
Dodging        | |  2.4
Stealth        | |  2.4
Spellcasting   | |  3.0

Action                     |  1- 3 |  4- 6 || total
---------------------------+-------+-------++-------
   Cast: Magic Dart        |    13 |     9 ||    22
         Searing Ray       |     3 |       ||     3
  Dodge: Dodged            |    13 |       ||    13
